 Dungeon Crawl Stone Soup version 0.31-a0-988-g08d55dae12 (webtiles) character file.

Game seed: 9289677050793139475

83 Azuregosa the Sneak (level 4, 31/31 HPs)
             Began as an Octopode Delver on Nov 5, 2023.
             Quit the game on level 3 of the Dungeon.
             The game lasted 00:08:00 (1583 turns).

Azuregosa the Sneak (Octopode Delver)               Turns: 1583, Time: 00:08:01

Health: 31/31      AC:  1    Str: 11    XL:     4   Next: 44%
Magic:  4/4        EV: 13    Int: 14    God:
Gold:   143        SH:  0    Dex: 13    Spells: 3/3 levels left

rFire   . . .        c - +0 trident
rCold   . . .        (no shield)
rNeg    . . .        (helmet restricted)
rPois   .            (no amulet)
rElec   .            (no ring)
rCorr   .            (no ring)
SInv    .            (no ring)
Will    .....        (no ring)
Stlth   ++++         (no ring)
HPRegen 0.25/turn    (no ring)
MPRegen 0.09/turn    (no ring)
                     (no ring)

%: no passive effects
@: no status effects
A: almost no armour, amphibious, 8 rings, camouflage 1, gelatinous body 1,
(nimble swimmer 1), tentacles
a: no special abilities


You were on level 3 of the Dungeon.
You visited 2 branches of the dungeon, and saw 6 of its levels.

You collected 143 gold pieces.

Inventory:

Hand Weapons
 a - a +0 spear
 c - a +0 trident (weapon)
Missiles
 i - 31 stones
 k - 2 poisoned darts
Wands
 f - a wand of digging (3)
Scrolls
 b - 2 scrolls of fog
 d - 2 scrolls of fear
 j - 4 scrolls of identify {unknown}
 n - a scroll of silence {unknown}
 p - a scroll of immolation {unknown}
 r - a scroll of enchant weapon {unknown}
 s - a scroll of poison {unknown}
Potions
 e - a potion of haste
 g - 2 potions of lignification {unknown}
 h - a potion of mutation {unknown}
 l - 3 potions of might {unknown}
 m - a potion of resistance {unknown}
 o - 3 potions of heal wounds {unknown}
 q - a potion of curing {unknown}


   Skills:
 + Level 3.5 Fighting
 + Level 2.8 Polearms
 + Level 2.8 Dodging
 + Level 7.2 Stealth


You had 3 spell levels left.
You didn't know any spells.
Your spell library contained the following spells:

 Spells                   Type           Power      Damage    Failure   Level
 Wereblood                Tmut           0%         N/A       41%         2
 Irradiate                Conj/Tmut      0%         3d11      100%        5


Dungeon Overview and Level Annotations

Branches:
Dungeon (5/15)             Temple (1/1) D:5

Altars:
Ashenzari
Cheibriados
Dithmenos
Elyvilon
Fedhas
Hepliaklqana
Nemelex Xobeh
Qazlal
Ru
Sif Muna
Trog
Uskayaw
Wu Jian
Xom
Zin
The Shining One


Innate Abilities, Weirdness & Mutations

You cannot wear most types of armour.
You are amphibious.
You can wear up to eight rings at the same time.
Your skin changes colour to match your surroundings (Stealth+).
Your rubbery body absorbs attacks. (AC +1, EV +1)
((You are camouflaged when in or above water. (Stealth+)))
You have tentacles for arms and can constrict up to eight enemies at once.


Message History

You barely miss the giant cockroach. Your grab misses the giant cockroach.
You squeeze the giant cockroach.
You kill the giant cockroach!
j - 4 scrolls labelled KIH IHOUNEE (gained 1)
A ball python comes into view.
Reach: c) +0 trident
Press: ? - help, Dir - move target, f - ball python
Aim: a ball python (asleep, about 2% to evade your +0 trident)
You reach to attack!
The helpless ball python fails to defend itself.
You hit the ball python.
You kill the ball python!
You enter the deep water.
Found a transparent leather armour.
Found 9 gold pieces.
You now have 107 gold pieces (gained 6).
A kobold comes into view. It is wielding a +0 club.
Found a faded altar of an unknown god.
You see here 9 gold pieces.
The helpless kobold fails to defend itself.
You hit the kobold.
You kill the kobold!
You see here the +0 leather armour of Hetatyar {rC+ Dex+3}.
You now have 116 gold pieces (gained 9).
i - 31 stones (gained 4)
You see here a +0 club.
You enter the shallow water.
r - a scroll labelled MAEZOU EHOUTE You now have 133 gold pieces (gained 17).
You open the door.
Found a white marble altar of Elyvilon.
There is an open door here.
There is a white marble altar of Elyvilon here.
You open the door.
There is an open door here.
You now have 143 gold pieces (gained 10).
Found a shimmering altar of Xom.
s - a scroll labelled NIKKUJ EDIE You are not religious.
Are you sure you want to abandon this character and quit the game? (Confirm with "yes".)

####### #......
#.####.
###############.####'
#.............#.+....
#...@...........#.#..
#..####^####....#.#._
#. ..... #.#..#.#.. #
#.......#.##.+....
#.......#.##.####'
#..._...#.##.#....
#.......#.##.#.###
#.......#.##.#. #
#.##.#.###


There were no monsters in sight!

Vanquished Creatures
  Jessica (D:3)
  An adder (D:3)
  A dart slug (D:1)
  7 bats
  4 endoplasms
  3 giant cockroaches
  5 goblins
  5 hobgoblins
  4 kobolds
  2 quokkas (D:1)
  5 ball pythons
  2 frilled lizards
  A rat (D:2)
41 creatures vanquished.

Notes
Turn   | Place    | Note
-------+----------+-------------------------------------------
     0 | D:5      | Azuregosa the Octopode Delver began the quest for the Orb.
     0 | D:5      | Reached XP level 1. HP: 16/16 MP: 1/1
     8 | D:5      | Found a staircase to the Ecumenical Temple.
    17 | Temple   | Entered the Ecumenical Temple
    72 | D:5      | Noticed a jelly
    82 | D:4      | Noticed a sky beast
   174 | D:1      | Reached XP level 2. HP: 21/21 MP: 2/2
   496 | D:1      | Reached XP level 3. HP: 26/26 MP: 3/3
   946 | D:2      | Reached skill level 7 in Stealth
  1329 | D:3      | Noticed Jessica
  1337 | D:3      | Killed Jessica
  1338 | D:3      | Reached XP level 4. HP: 26/31 MP: 4/4
  1423 | D:3      | Found a faded altar of an unknown god.
  1433 | D:3      | Identified the +0 leather armour of Hetatyar {rC+ Dex+3}
  1536 | D:3      | Found a white marble altar of Elyvilon.
  1577 | D:3      | Found a shimmering altar of Xom.
  1583 | D:3      | Quit the game

Illustrated notes

Levels and vault maps discovered:
D:1:      lightli_arrival_flooded_house, layout_loops_cross
D:2:      layout_rooms
D:3:      layout_loops_ring, mainiacjoe_overflow_six_doors_small,
          lemuel_tele_altar, hellmonk_ecumenical_altar_prayer_group,
          ebering_ghost_disaster_area, minivault_27,
          chequers_serial_rivers_micro_b, st_stairs_14,
          kennysheep_generic_room_16, uniq_jessica
D:4:      layout_cave_pools, mainiacjoe_overflow_cross_hatched,
          lightli_temple_of_fire
D:5:      layout_basic, temple_fountains, chequers_serial_rivers_micro_a,
          minmay_misc_feat_secret_circle, amcnicky_mini_pool_small,
          grunt_decor_mini_mirrors, minmay_strange_pillars,
          minmay_fractal_squares_5
Temple:   minmay_temple_curvy_branch

Skill      XL: |  1  2  3 |
---------------+----------+-----
Stealth        | 7 |  7.2
Fighting       | |  3.5
Polearms       | |  2.8
Dodging        | |  2.8

Action                     |  1- 3 |  4- 6 || total
---------------------------+-------+-------++-------
  Melee: Trident           |    74 |     7 ||    81
         Constrict         |    10 |     1 ||    11
         Tentacles         |     5 |     2 ||     7
         Punch             |     1 |       ||     1
    Use: Scroll            |     1 |       ||     1
   Stab: Sleeping          |    17 |     2 ||    19
         Distracted        |       |     1 ||     1
 Armour: Skin              |    15 |     2 ||    17
  Dodge: Dodged            |    36 |     2 ||    38

Table legend: (Time is in decaauts)
 A = Elapsed time spent in this place.
 B = Non-inter-level travel time spent in this place.
 C = Inter-level travel time spent in this place.
 D = Time resting spent in this place.
 E = Time spent auto-exploring this place.
 F = Levels seen in this place.
 G = Mean time per level.
                   A        B        C        D        E       F      G
               +--------+--------+--------+--------+--------+-----+--------+
         Total |   1596 |   1532 |     64 |     55 |    993 |   6 |  266.0 |
       Dungeon |   1545 |   1506 |     39 |     55 |    993 |   5 |  309.0 |
        Temple |     50 |     25 |     25 |      0 |      0 |   1 |   50.0 |
               +--------+--------+--------+--------+--------+-----+--------+

Top non-repeatable levels by time:
     D:1: 790 daAuts
     D:2: 411 daAuts
     D:3: 310 daAuts
  Temple: 50 daAuts
     D:5: 24 daAuts
     D:4: 8 daAuts
